 Dungeon Crawl Stone Soup version 0.23.2-30-g0e89c35649 (webtiles) character file.

Game seed: 15374715957527145732

23 funkygono the Conjurer (level 2, -1/20 HPs)
             Began as a Draconian Conjurer on June 22, 2019.
             Slain by a leopard gecko (4 damage)
             ... on level 1 of the Dungeon.
             The game lasted 00:02:01 (600 turns).

funkygono the Conjurer (Draconian Conjurer)          Turns: 600, Time: 00:02:01

Health: -1/20      AC:  4    Str: 10    XL:     2   Next: 72%
Magic:  0/5        EV: 12    Int: 15    God:
Gold:   31         SH:  0    Dex: 11    Spells: 2/5 levels left

rFire    . . .     SeeInvis .   h - +0 club
rCold    . . .     Gourm    .   (no shield)
rNeg     . . .     Faith    .   (armour unavailable)
rPois    .         Spirit   .   (helmet restricted)
rElec    .         Reflect  .   (no cloak)
rCorr    .         Harm     .   (no gloves)
MR       .....                  (no boots)
Stlth    ++........             (no amulet)
HPRegen  0.06/turn              (no ring)
MPRegen  0.09/turn              (no ring)

@: no status effects
A: unfitting armour, cold-blooded, AC +4
a: no special abilities


You were on level 1 of the Dungeon.
You were not hungry.

You visited 1 branch of the dungeon, and saw 1 of its levels.

You collected 31 gold pieces.

Inventory:

Hand Weapons
 h - a +0 club (weapon)
Missiles
 c - 17 stones (quivered)
Scrolls
 a - a scroll of fog {unknown}
 d - 2 scrolls of identify {unknown}
 e - 3 scrolls of noise {unknown}
 f - a scroll of random uselessness {unknown}
Potions
 i - a potion of invisibility {unknown}
Comestibles
 b - a ration
 g - a chunk of flesh


   Skills:
 + Level 1.9 Dodging
 + Level 1.8 Stealth
 * Level 2.2 Spellcasting
 + Level 4.5 Conjurations


You had 2 spell levels left.
You knew the following spells:

 Your Spells              Type           Power        Failure   Level  Hunger
a - Magic Dart            Conj           ###.         3%          1    #......
b - Searing Ray           Conj           ###...       4%          2    ###....

Your spell library contained the following spells:

 Spells                   Type           Power        Failure   Level  Hunger
 Dazzling Spray           Conj/Hex       #.....       26%         3    ###....
 Iskenderun's Mystic Bla  Conj           ###.....     32%         4    #####..
 Force Lance              Conj/Tloc      #.......     63%         4    #####..
 Fulminant Prism          Conj/Hex       #.........   63%         4    #####..


Dungeon Overview and Level Annotations

Branches:
Dungeon (1/15)

Altars:


Innate Abilities, Weirdness & Mutations

Your plain brown scales are hard. (AC +4)
You cannot fit into any form of body armour.
You are cold-blooded and may be slowed by cold attacks.


Message History

The jackal closely misses you. The jackal barely misses you.
You hit the jackal.
You kill the jackal!
You hit the leopard gecko but do no damage.
You tail-slap the leopard gecko, but do no damage.
The leopard gecko misses you. The leopard gecko bites you.
* * * LOW HITPOINT WARNING * * *
You hit the leopard gecko but do no damage.
The leopard gecko closely misses you.
Some of the chunks of flesh in your inventory have rotted away.
You hit the leopard gecko but do no damage.
You tail-slap the leopard gecko.
The leopard gecko is moderately wounded.
The leopard gecko bites you but does no damage. x2
You miss the leopard gecko.
The leopard gecko is moderately wounded.
The leopard gecko bites you.
* * * LOW HITPOINT WARNING * * *
The leopard gecko bites you.
You die...

#.#....## #..>. ....
#.#.....# #.###
....######.#....####.###
........................
###.###.##.#......##.###
........................ ..
###.###.##.#....#.##.##.
....###.###.##.#....#.##.##.
.........hl@................
...###.###.####....#.##.##.
#.# #.# .........^... #)#
#.. .....#.###
.......)....## .#..........
............... ............
............... ....#..#.##.
....###.##..##. #..#..#.##.
.... ... ..# #.......##.


You could see a leopard gecko and a jackal.

Vanquished Creatures
  A leopard gecko (D:1)
  2 giant cockroaches (D:1)
  5 goblins (D:1)
  3 hobgoblins (D:1)
  2 jackals (D:1)
  2 bats (D:1)
  A frilled lizard (D:1)
  A kobold (D:1)
  A rat (D:1)
18 creatures vanquished.

Notes
Turn   | Place    | Note
-------+----------+-------------------------------------------
     0 | D:1      | funkygono the Draconian Conjurer began the quest for the
                  | Orb.
     0 | D:1      | Reached XP level 1. HP: 14/14 MP: 3/3
   185 | D:1      | Reached XP level 2. HP: 16/20 MP: 0/5
   239 | D:1      | Learned a level 2 spell: Searing Ray
   600 | D:1      | Slain by a leopard gecko

Action                   || total
-------------------------++-------
Melee: Dagger            ||     3
       Club              ||    16
       Tailslap          ||     3
 Cast: Magic Dart        ||    34
Armor: Skin              ||     8
Dodge: Dodged            ||    18
